 Dungeon Crawl Stone Soup version 0.26-a0-540-g8a0c9464d7 (webtiles) character file.

Game seed: 10553439576036925054

27547 MrRokkomies the Frost Mage (level 12, 0/106 HPs)
             Began as a Demigod Ice Elementalist on Aug 14, 2020.
             Slain by an elephant (15 damage)
             ... on level 5 of the Lair of Beasts on Aug 15, 2020.
             The game lasted 01:02:44 (21034 turns).

MrRokkomies the Frost Mage (DgIE)                  Turns: 21034, Time: 01:02:45

Health: 0/106      AC: 12    Str: 13    XL:     12   Next: 69%
Magic:  3/23       EV: 19    Int: 29    God:
Gold:   328        SH:  0    Dex: 16    Spells: 0/21 levels left

rFire    + . .     SeeInvis +   a - +8 arc blade {discharge, rElec}
rCold    + . .     Faith    .   (no shield)
rNeg     . . .     Spirit   .   L - +1 robe "Cedueg" {Int+4}
rPois    .         Reflect  .   w - +2 hat {SInv}
rElec    +         Harm     .   F - scarf {rC+ rF+}
rCorr    .                      q - +1 pair of gloves
MR       +....                  V - +0 pair of boots {rampage}
Stlth    ++........             T - amulet of regeneration
HPRegen  0.67/turn              e - +4 ring of protection
MPRegen  0.18/turn              (no ring)

@: no status effects
A: high mp 1
a: no special abilities


You were on level 5 of the Lair of Beasts.
You visited 2 branches of the dungeon, and saw 17 of its levels.

You collected 1488 gold pieces.
You spent 1160 gold pieces at shops.

Inventory:

Hand Weapons
 a - the +8 arc blade (weapon) {discharge, rElec}
   (You bought it in a shop on level 8 of the Dungeon)

   It insulates you from electricity.
 U - a +4 morningstar of freezing
 Z - a +0 fustibalus of flaming
Missiles
 i - 507 stones
 s - 61 poisoned darts (quivered)
 Q - a throwing net
Armour
 q - a +1 pair of gloves (worn)
 u - a +0 ring mail of cold resistance
 w - a +2 hat of see invisible (worn)
 F - a scarf of resistance (worn)
 L - the +1 robe "Cedueg" (worn) {Int+4}
   (You found it on level 10 of the Dungeon)

   It affects your intelligence (+4).
 V - a +0 pair of boots of rampaging (worn)
Magical Staves
 b - an uncursed staff of cold
Jewellery
 e - a +4 ring of protection (left hand)
 N - an uncursed ring of fire
 T - an amulet of regeneration (around neck)
 X - an uncursed ring of positive energy {unknown}
Wands
 f - a wand of digging (4)
 r - a wand of disintegration (28)
 t - a wand of random effects (27)
 E - a wand of polymorph (8)
 J - a wand of acid (5)
 O - a wand of enslavement (9)
 R - a wand of paralysis (5)
Scrolls
 c - 7 scrolls of amnesia
 g - 5 scrolls of remove curse
 m - 2 scrolls of teleportation
 p - 3 scrolls of identify
 x - 5 scrolls of enchant armour
 A - a scroll of immolation
 M - 3 scrolls of enchant weapon
 P - a scroll of fear
 Y - a scroll of holy word {unknown}
Potions
 d - 2 potions of magic
 j - 3 potions of flight
 k - a potion of lignification
 l - 2 potions of heal wounds
 n - 3 potions of stabbing
 o - 2 potions of haste
 v - a potion of brilliance
 z - 3 potions of might
 C - a potion of resistance
 G - a potion of invisibility
 I - a potion of berserk rage
 S - a potion of cancellation
 W - 2 potions of curing
Miscellaneous
 H - a condenser vane (1/2)


   Skills:
 - Level 10.0 Fighting
 * Level 4.2 Short Blades
 + Level 9.9 Dodging
 - Level 1.7 Stealth
 - Level 5.0 Spellcasting
 - Level 5.0 Summonings
 + Level 1.1 Necromancy
 - Level 12.0 Ice Magic
 * Level 4.5 Evocations


You couldn't memorise any spells.
You knew the following spells:

 Your Spells              Type           Power        Failure   Level
a - Freeze                Ice            ####         1%          1
b - Frozen Ramparts       Ice            ######       1%          3
c - Ozocubu's Armour      Ice            ######..     1%          3
d - Summon Ice Beast      Ice/Summ       ######..     1%          4
e - Simulacrum            Ice/Necr       #####.....   54%         6
f - Hailstorm             Conj/Ice       #####...     5%          4

Your spell library contained the following spells:

 Spells                   Type           Power        Failure   Level
 Summon Small Mammal      Summ           ####         1%          1
 Ensorcelled Hibernation  Hex/Ice        #####.       1%          2
 Ice Form                 Ice/Tmut       #####...     5%          4
 Beastly Appendage        Tmut           #.....       6%          1
 Corona                   Hex            #......      6%          1
 Ozocubu's Refrigeration  Ice            ######....   7%          6
 Slow                     Hex            #.......     10%         2
 Wereblood                Tmut           #.......     10%         2
 Metabolic Englaciation   Hex/Ice        #####.....   14%         5
 Inner Flame              Hex/Fire       #.......     19%         3
 Portal Projectile        Hex/Tloc       #.....       19%         3
 Spider Form              Tmut/Pois      #.........   19%         3
 Cause Fear               Hex            #.........   52%         4
 Leda's Liquefaction      Hex/Erth       #.........   52%         4
 Petrify                  Tmut/Erth      #.......     52%         4
 Shadow Creatures         Summ           N/A          77%         6
 Borgnjor's Vile Clutch   Necr/Erth      ##........   80%         5
 Blade Hands              Tmut           #.........   86%         5
 Silence                  Hex/Air        #.........   86%         5
 Freezing Cloud           Conj/Ice/Air   ####......   88%         6
 Shatter                  Erth           #.........   100%        9


Dungeon Overview and Level Annotations

Branches:
Dungeon (11/15)            Temple (0/1) D:4            Lair (6/6) D:11
  Swamp (0/4) Lair:4        Snake (0/4) Lair:3          Orc (0/2) D:10
  Slime: Lair:5-6

Shops:
D:4 ?   D:6 (   D:7 }   D:8 }(

Portals:
Trove: D:11 (show slimy rune of Zot)

Annotations:
Lair:5 Snorg


Innate Abilities, Weirdness & Mutations

You have an increased reservoir of magic. (+10% MP)


Message History

You puncture Snorg!
The arc blade crackles.
Snorg is struck by an arc of lightning.
Snorg is almost dead.
The elephant is struck by an arc of lightning.
The elephant is almost dead.
The elephant is struck by an arc of lightning.
The elephant is moderately wounded.
The lightning grounds out.
Snorg is almost dead.
Snorg barely misses you. Snorg claws you!! Snorg completely misses you.
Your ice beast hits the elephant but does no damage.
Unknown command.
Unknown command.
Really attack your ice beast?
You puncture Snorg!
Snorg is almost dead.
Snorg bites you!!
* * * LOW HITPOINT WARNING * * *
Snorg completely misses you. Snorg misses you. The elephant tramples you!
You die...

###..............
####.......÷........
###P.÷....#...........
#..P...†##............
##P...##†#...........
#..P.####........... ##PP##
#.Y.Y.##..... ######
####TYY..#..... ....##
#.÷.@..........
....#..####...........
......##.#............
.P.......P............
..............<..P#...
..................#.......#...
.........................#....
..............................
..............................


You could see Snorg (berserk), 3 elephants and a friendly ice beast (summoned).

Vanquished Creatures
  Gastronok (D:11)
  Erolcha (D:9)
  A hydra (Lair:5)
  A death knight (D:11)
  A skeletal warrior (D:11)
  A lindwurm (Lair:5)
  A necromancer (Lair:4)
  2 elephants (Lair:5)
  5 cane toads
  4 black mambas
  A komodo dragon (Lair:1)
  2 freezing wraiths (D:11)
  2 tyrant leeches (Lair:4)
  2 trolls
  2 blink frogs (Lair:1)
  A hornet (D:10)
  3 hippogriffs
  Prince Ribbit (Lair:1)
  15 yaks
  A wraith (D:9)
  7 wyverns
  Grum (Lair:1)
  A basilisk (Lair:6)
  Menkaure (D:4)
  Edmund (D:4)
  A swamp worm (Lair:4)
  6 porcupines
  8 water moccasins
  6 orc warriors
  A sky beast (D:5)
  2 ice beasts
  3 elephant zombies (Lair:4)
  4 ogres
  A phantom (D:5)
  12 wolves
  4 centaurs
  6 crocodiles
  A big kobold (D:9)
  10 bullfrogs
  A gnoll sergeant (D:10)
  A wyvern skeleton (D:9)
  7 scorpions
  14 killer bees
  20 wights
  A howler monkey (D:5)
  3 electric eels (Lair:4)
  2 centaur zombies
  2 orc priests
  4 hounds
  A basilisk zombie (Lair:4)
  Crazy Yiuf (D:7)
  2 bullfrog skeletons
  20 orc wizards
  9 worker ants
  3 iguanas
  A crocodile zombie (Lair:4)
  A hound zombie (D:9)
  Robin (D:3)
  8 gnolls
  11 adders
  A white imp (D:9)
  2 ufetubi
  An adder zombie (D:8)
  2 oozes
  2 adder skeletons
  5 worms
  5 dart slugs
  2 leopard geckos
  58 orcs
  2 ball pythons
  11 bats
  6 giant cockroaches
  16 goblins
  5 hobgoblins
  8 jackals
  17 kobolds
  5 quokkas
  3 frilled lizards
  A giant cockroach zombie (D:6)
  A jackal skeleton (D:4)
  8 rats
398 creatures vanquished.

Vanquished Creatures (collateral kills)
  4 hydras
  A manticore (D:11)
  2 elephants (Lair:5)
  2 black mambas
  A cane toad (Lair:2)
  A basilisk (Lair:3)
11 creatures vanquished.

Vanquished Creatures (others)
  4 fungi
4 creatures vanquished.

Grand Total: 413 creatures vanquished

Notes
Turn   | Place    | Note
-------+----------+-------------------------------------------
     0 | D:1      | MrRokkomies the Demigod Ice Elementalist began the quest
                  | for the Orb.
     0 | D:1      | Reached XP level 1. HP: 14/14 MP: 5/5
   346 | D:1      | Reached XP level 2. HP: 22/22 MP: 7/7
   735 | D:1      | Reached skill level 1 in Fighting
  1425 | D:2      | Reached XP level 3. HP: 21/28 MP: 2/8
  1430 | D:2      | Learned a level 3 spell: Frozen Ramparts
  1466 | D:2      | Reached skill level 4 in Ice Magic
  2699 | D:3      | Reached XP level 4. HP: 25/36 MP: 10/10
  2852 | D:3      | Noticed Robin
  2868 | D:3      | Killed Robin
  3003 | D:3      | Reached XP level 5. HP: 33/41 MP: 5/11
  3009 | D:3      | Learned a level 3 spell: Ozocubu's Armour
  3147 | D:3      | Found a white marble altar of Elyvilon.
  3183 | D:3      | Found a hazy altar of Hepliaklqana.
  3254 | D:3      | Found a bloodstained altar of Trog.
  3614 | D:3      | Found a roughly hewn altar of Beogh.
  3621 | D:3      | Reached skill level 5 in Ice Magic
  3621 | D:3      | Reached XP level 6. HP: 50/51 MP: 9/13
  3871 | D:3      | Found a basalt altar of Yredelemnul.
  4896 | D:4      | Found Adwepta's Magic Scroll Boutique.
  4917 | D:4      | Reached XP level 7. HP: 48/58 MP: 12/14
  4998 | D:4      | Noticed Edmund
  5024 | D:4      | Killed Edmund
  5030 | D:4      | Learned a level 4 spell: Summon Ice Beast
  5113 | D:4      | Found a burning altar of Makhleb.
  5247 | D:4      | Noticed Menkaure
  5255 | D:4      | Killed Menkaure
  5255 | D:4      | Reached skill level 6 in Ice Magic
  5295 | D:4      | Found a staircase to the Ecumenical Temple.
  5303 | D:4      | Identified the Handbook of Companions and Stones
  5416 | D:4      | Found a glowing silver altar of Zin.
  5589 | D:5      | Entered Level 5 of the Dungeon
  5975 | D:5      | Reached skill level 5 in Fighting
  5975 | D:5      | Reached XP level 8. HP: 68/68 MP: 10/17
  6123 | D:5      | Found a stormy altar of Qazlal.
  6703 | D:6      | Reached skill level 7 in Ice Magic
  6933 | D:6      | Found a shattered altar of Ashenzari.
  7191 | D:6      | Found Korupaog's Weapon Shoppe.
  7203 | D:6      | Found an opulent altar of Gozag.
  7966 | D:7      | Found Xaerr's Gadget Boutique.
  7970 | D:7      | Bought a condenser vane (2/2) for 260 gold pieces
  7975 | D:7      | Found a shadowy altar of Dithmenos.
  8069 | D:7      | Reached XP level 9. HP: 69/78 MP: 15/19
  8152 | D:7      | Found a runed translucent door.
  8153 | D:7      | Noticed Crazy Yiuf
  8253 | D:7      | Found a sacrificial altar of Ru.
  8502 | D:7      | Killed Crazy Yiuf
  8601 | D:8      | Found Veer's Gadget Emporium.
  8612 | D:8      | Identified a scroll of acquirement
  8612 | D:8      | Acquired a +2 hat of see invisible
  8631 | D:8      | Found a stormy altar of Qazlal.
  8647 | D:8      | Reached skill level 5 in Dodging
  8827 | D:8      | Found a radiant altar of Vehumet.
  8898 | D:8      | Reached skill level 8 in Ice Magic
  8948 | D:8      | Found Eguateji's Weapon Shop.
  9246 | D:9      | Reached skill level 5 in Spellcasting
  9409 | D:9      | Reached skill level 1 in Summonings
  9740 | D:9      | Noticed Erolcha
  9759 | D:9      | Killed Erolcha
  9759 | D:9      | Reached XP level 10. HP: 18/88 MP: 15/21
  9816 | D:9      | Reached skill level 9 in Ice Magic
 11017 | D:10     | Entered Level 10 of the Dungeon
 11017 | D:10     | Found a blossoming altar of Fedhas.
 11496 | D:10     | Got a warped robe
 11507 | D:10     | Identified the +1 robe "Cedueg" {Int+4} (You found it on
                  | level 10 of the Dungeon)
 11917 | D:10     | Found a staircase to the Orcish Mines.
 12083 | D:11     | Found a staircase to the Lair.
 12762 | D:11     | Noticed Gastronok
 12771 | D:11     | Killed Gastronok
 12771 | D:11     | Reached skill level 10 in Ice Magic
 12771 | D:11     | Reached XP level 11. HP: 68/97 MP: 16/22
 13038 | D:11     | Noticed a death knight
 13041 | D:11     | Noticed a skeletal warrior
 13319 | D:11     | Found a portal to a secret trove of treasure.
 13405 | D:11     | Killed a death knight
 13407 | D:11     | Killed a skeletal warrior
 13898 | Lair:1   | Entered Level 1 of the Lair of Beasts
 13899 | Lair:1   | Upgraded the game from 0.26-a0-537-g96b2eae49b to
                  | 0.26-a0-540-g8a0c9464d7
 13973 | Lair:1   | Reached skill level 10 in Fighting
 14117 | Lair:1   | Noticed Prince Ribbit
 14124 | Lair:1   | Killed Prince Ribbit
 14408 | Lair:1   | Acquired an uncursed staff of cold
 14460 | Lair:1   | Reached skill level 5 in Summonings
 14545 | Lair:1   | Reached skill level 11 in Ice Magic
 15092 | Lair:1   | Reached skill level 1 in Evocations
 15449 | Lair:1   | Noticed Grum
 15462 | Lair:1   | Killed Grum
 15882 | Lair:1   | Noticed a seven-headed hydra
 15903 | Lair:1   | Killed a seven-headed hydra
 17130 | Lair:2   | Noticed an eight-headed hydra
 17139 | Lair:2   | Killed an eight-headed hydra
 17141 | Lair:2   | Reached XP level 12. HP: 84/106 MP: 3/23
 17981 | Lair:3   | Noticed a seven-headed hydra
 17988 | Lair:3   | Killed a seven-headed hydra
 17999 | Lair:3   | Learned a level 6 spell: Simulacrum
 18004 | Lair:3   | Learned a level 4 spell: Hailstorm
 18272 | Lair:3   | Found a staircase to the Snake Pit.
 18573 | D:8      | Bought the +8 arc blade {discharge, rElec} for 900 gold
                  | pieces
 18573 | D:8      | Found the +8 arc blade {discharge, rElec}
 19017 | Lair:3   | Noticed a seven-headed hydra
 19027 | Lair:3   | Killed a seven-headed hydra
 19027 | Lair:3   | Reached skill level 1 in Short Blades
 19777 | Lair:4   | Found a staircase to the Swamp.
 19943 | Lair:4   | You fall into a shaft and drop 2 floors!
 19943 | Lair:6   | Entered Level 6 of the Lair of Beasts
 19972 | Lair:6   | Reached skill level 12 in Ice Magic
 20775 | Lair:5   | Noticed a five-headed hydra
 20783 | Lair:5   | Killed a five-headed hydra
 21003 | Lair:5   | Noticed Snorg
 21022 | Lair:5   | Reached skill level 1 in Necromancy
 21034 | Lair:5   | Slain by an elephant

Illustrated notes

Levels and vault maps discovered:
D:1:      dpeg_arrival_simpleton_c, layout_loops_corners
D:2:      layout_rooms, hangedman_abyss_or_decor_stabs, interstate_on_off,
          st_stairs_9
D:3:      layout_basic, bloody_trog, nicolae_overflow_hidden_temple,
          kennysheep_ying_yang, kennysheep_orc_chapel, uniq_robin
D:4:      layout_rooms, nicolae_overflow_crystal_walls, zin_treasury,
          minmay_temple_entry_offerings, serial_shops, kennysheep_mini,
          uniq_menkaure, uniq_edmund
D:5:      layout_rooms, basic_altar
D:6:      layout_basic, cheibrodos_ashenzari_chains, lemuel_crystal_altar,
          serial_shops, shop
D:7:      layout_cave_pools, nicolae_ru_great_annihilating_truth, serial_shops,
          shop, grunt_dithmenos_smoke, uniq_crazy_yiuf_cottage
D:8:      layout_rooms, nicolae_qazlal_eye_of_the_storm, kennysheep_little_box,
          serial_shops, shop, nicolae_shop_crystal, lemuel_old_faithful
D:9:      layout_rooms, uniq_erolcha
D:10:     layout_rooms, david_orc_4, basic_altar
D:11:     layout_irregular_city, lair_entry_dummy, nicolae_trove_entry_diagonal,
          uniq_gastronok
Lair:1:   layout_cave_pods, uniq_grum, uniq_prince_ribbit2
Lair:2:   layout_chaotic_city, gauntlet_entry_generic
Lair:3:   layout_cellular_growth, dummy_snake_entry
Lair:4:   pond_and_an_island_with_a_cottage, layout_gridlike,
          minmay_swamp_entry_worms, grunt_megastairs_5
Lair:5:   layout_hall_layers, uniq_snorg
Lair:6:   evil_forest, layout_cave_pods, slime_dummy

Skill      XL: |  1  2  3  4  5  6  7  8  9 10 11 12 |
---------------+-------------------------------------+-----
Dodging        | 2 3 4 5 6 8 9 |  9.9
Spellcasting   | 2 3 4 5 |  5.0
Fighting       | 1 2 3 5 6 7 9 10 | 10.0
Ice Magic      | 4 5 6 7 8 10 11 12 | 12.0
Summonings     | 1 4 5 |  5.0
Evocations     | 2 4 |  4.5
Short Blades   | 4 |  4.2
Necromancy     | 1 |  1.1
Stealth        | |  1.7

Action                   |  1- 3 |  4- 6 |  7- 9 | 10-12 || total
-------------------------+-------+-------+-------+-------++-------
Melee: Dagger            |    51 |     3 |    38 |       ||    92
       Short sword       |    93 |    11 |       |       ||   104
       Trident           |       |   113 |   301 |    40 ||   454
       Lajatang          |       |       |    13 |    10 ||    23
       Morningstar       |       |       |     3 |   275 ||   278
       Staff             |       |       |       |    10 ||    10
       Rapier            |       |       |       |   109 ||   109
 Fire: Hunting sling     |     3 |    17 |    43 |     7 ||    70
Throw: Stone             |       |       |     1 |     1 ||     2
       Dart              |       |       |       |    37 ||    37
 Cast: Freeze            |    35 |     7 |     6 |    21 ||    69
       Frozen Ramparts   |     2 |    12 |    23 |    52 ||    89
       Ozocubu's Armour  |       |       |    15 |    29 ||    44
       Summon Ice Beast  |       |       |       |    30 ||    30
Evoke: Wand              |       |       |     1 |     4 ||     5
       Condenser vane    |       |       |     1 |     2 ||     3
  Use: Scroll            |     6 |     2 |    13 |    10 ||    31
       Potion            |       |       |     6 |     6 ||    12
 Stab: Sleeping          |     6 |     2 |     1 |     4 ||    13
       Paralysed         |       |       |     1 |       ||     1
Armor: Robe              |    48 |    20 |       |   127 ||   195
       Ring mail         |       |    32 |   202 |    61 ||   295
       Skin              |       |       |    56 |    76 ||   132
Dodge: Dodged            |   163 |    79 |   273 |   581 ||  1096

Table legend: (Time is in decaauts)
 A = Elapsed time spent in this place.
 B = Non-inter-level travel time spent in this place.
 C = Inter-level travel time spent in this place.
 D = Time resting spent in this place.
 E = Time spent auto-exploring this place.
 F = Levels seen in this place.
 G = Mean time per level.
                   A        B        C        D        E       F      G
               +--------+--------+--------+--------+--------+-----+--------+
         Total |  21382 |  20506 |    876 |   3963 |  13074 |  17 | 1257.8 |
       Dungeon |  14377 |  13793 |    584 |   2895 |   8374 |  11 | 1307.0 |
          Lair |   7005 |   6714 |    291 |   1068 |   4700 |   6 | 1167.5 |
               +--------+--------+--------+--------+--------+-----+--------+

Top non-repeatable levels by time:
  Lair:1: 2463 daAuts
    D:11: 2017 daAuts
     D:9: 1699 daAuts
     D:4: 1680 daAuts
  Lair:2: 1553 daAuts
     D:1: 1405 daAuts
  Lair:3: 1371 daAuts
     D:6: 1350 daAuts
     D:3: 1296 daAuts
     D:2: 1267 daAuts
  Lair:4: 1087 daAuts
    D:10: 1078 daAuts
     D:5: 1010 daAuts
     D:8: 906 daAuts
     D:7: 665 daAuts
